[Event "Israel National League 2024"]
[Site "Israel"]
[Date "2024.02.16"]
[Round "7.16"]
[White "Karp, Ilya"]
[Black "Ben-Menachem, Itzhak"]
[Result "1-0"]
[ECO "C67"]
[WhiteElo "2382"]
[BlackElo "2266"]
[Annotator "TA"]
[PlyCount "97"]
[EventDate "2024.01.07"]
[EventType "team-tourn"]
[EventCountry "ISR"]
[SourceTitle "playchess.com"]
[Source "ChessBase"]
[SourceQuality "1"]
[TimeControl "40/5400+30:1800+30"]

1. e4 e5 2. Nf3 Nc6 3. Bb5 Nf6 4. O-O Nxe4 5. d4 Nd6 6. Ba4 (6. Bxc6 $14 dxc6 7. dxe5) 6... e4 7. Re1 Be7 8. Ne5 {[%emt 0:00:07] Die Stellung ist ausgeglichen.} O-O 9. Nc3 f5 10. Bf4 Nxe5 11. dxe5 Nf7 12. Bb3 Kh8 13. Qh5 g6 (13... Qe8 {mit weiteren Verwicklungen.} 14. Nb5 Bd8 15. Rad1 a6) 14. Qe2 Bg5 (14... g5 $15 15. Bd2 Nxe5) 15. Bxg5 $11 Nxg5 {[%emt 0:00:00] Schwarz hat schwache schwarze Felder} 16. Rad1 c6 17. Qd2 Qe7 18. h4 Nf7 19. Bxf7 Rxf7 20. Qf4 b6 21. Rd6 Ba6 $1 22. Red1 Re8 $1 23. Rxd7 Qxd7 24. Rxd7 Rxd7 25. h5 Kg7 26. g4 {[%emt 0:01:44] Schwarz muss nun h6+ beachten.} Rf7 (26... Kg8 $11) 27. h6+ $1 $16 Kg8 {[%emt 0:00:01] [#]} 28. e6 $1 Rfe7 (28... Rxe6 $2 29. Qb8+ Rf8 30. Qc7 $18 (30. Qxa7 Rf7 $18)) 29. gxf5 (29. Qd6 $1 $16) 29... gxf5 $11 30. Qg5+ Kh8 31. Qf6+ {[%emt 0:00:50][%mdl 1024] Weiss hat Kompensation.} Kg8 32. Qg5+ Kh8 {[%emt 0:00:02] Droht stark ...Rg8.} 33. Qf6+ ({Günstiger ist} 33. Qxf5 $11 Rxe6 34. Nxe4 Rxh6 (34... Rxe4 35. Qf6+ Kg8 36. Qg7#) 35. Qf7 Rg8+ 36. Ng3) 33... Kg8 $14 34. b3 $1 (34. Qxf5 Rxe6 35. Nxe4 Rxe4 $11) 34... Bc8 35. Qg5+ (35. Qxf5 Rxe6 36. Qf4 Rf8 $17) 35... Kh8 36. Qf6+ Kg8 37. Ne2 $1 {[%emt 0:00:37] Manche mögen's heiß. Weiß steht aktiver.} (37. Qxf5 Rxe6 38. Qf4 Rf8 $17) 37... Bxe6 38. Nf4 $36 {[%emt 0:00:41][%mdl 2048] Nxe6 ist eine echte Drohung. Schwarz steht unter starkem Druck.} Bd7 39. Nh5 {[%emt 0:00:50] Zielt auf Ng7 ab.} Rf7 40. Qg5+ Kh8 {[%emt 0:01:02] ...Rg8 wäre nun fies.} 41. Kf1 (41. Nf6 $6 Ref8 $18) (41. Qe3 {ist vielschichtiger.} Re6 42. Qf4 Kg8 43. Qb8+) 41... c5 (41... Rg8 $2 42. Qf4 Rgf8 43. Ke2 $18) ({Besser ist} 41... Ref8 $14) 42. c4 (42. Qf4 $16) 42... Ref8 $2 {[%emt 0:07:05] [#] Danach kann Schwarz die Partie nicht mehr halten.} (42... Rg8 $2 43. Qf4 Re8 44. Qd6 $18) (42... Re6 $1 $14 43. Ke2 (43. Qd8+ Re8 $18) 43... Re8) 43. Qf4 $1 $18 Bc8 $2 (43... e3 {war einen Versuch wert.} 44. fxe3 Re8) 44. a4 (44. Qe5+ $142 Kg8 45. Qf4) 44... Re8 $2 {[%emt 0:04:08] [#]} (44... Bb7 {ist eine bessere Verteidigung.} 45. a5 (45. Qe5+ Kg8 $18) 45... bxa5) 45. a5 bxa5 $2 (45... e3 {ist wohl besser.} 46. fxe3 Kg8 47. Qg3+ Kh8) 46. Qe3 Re5 $2 (46... Ref8 $18 47. Qxc5 a4 48. Qe5+ (48. bxa4 f4 $18) 48... Kg8 49. bxa4 f4) 47. Qc3 Rfe7 48. Qxa5 (48. Nf6 $142 R5e6 49. Qd2 (49. Nxe4+ Kg8 $18)) 48... Rd7 49. Nf6 {[%emt 0:00:26] Gewichteter Fehlerwert: Weiß=0.37/Schwarz=0.67.  Verlustzug:     	---       	Schwarz=1     Fehler:       	Weiß=5     	Schwarz=7     Ungenau:       	Weiß=3     	---        OK:         	Weiß=19    	Schwarz=11    Bester:       	Weiß=2     	Schwarz=10    Stark:        	Weiß=3     	Schwarz=2} 1-0

[Event "Israel National League 2024"]
[Site "Israel"]
[Date "2024.02.16"]
[Round "7.17"]
[White "Lavi, Idan"]
[Black "Mordechai, Hanan"]
[Result "0-1"]
[ECO "D40"]
[WhiteElo "2118"]
[BlackElo "2347"]
[Annotator "TA"]
[PlyCount "68"]
[EventDate "2024.01.07"]
[EventType "team-tourn"]
[EventCountry "ISR"]
[SourceTitle "playchess.com"]
[Source "ChessBase"]
[SourceQuality "1"]
[TimeControl "40/5400+30:1800+30"]

1. e4 c6 2. d4 d5 3. exd5 cxd5 4. c4 Nf6 5. Nc3 Nc6 6. Nf3 e6 7. Bg5 Be7 8. Be2 dxc4 9. Bxc4 O-O 10. O-O h6 11. Be3 b6 12. Qe2 Nb4 {[%emt 0:07:48] Black has an edge.} 13. Ne5 Bb7 14. Rad1 (14. f4 $142) 14... a6 (14... Nbd5 $11) 15. Rfe1 (15. f4 $14 {might be stronger.}) 15... b5 $11 16. Bb3 Nbd5 17. Bc1 b4 18. Nxd5 Nxd5 19. Qe4 (19. Bc2 {with more complications.} Rc8 20. Qd3 Nf6 21. Bb1) 19... f5 (19... Rc8 $11 {is more appropriate.}) 20. Qe2 $14 {[%emt 0:06:52][%cal Oe5c6] [#] aiming for Nc6!} Rf6 21. Nd3 Bd6 22. Nc5 Bxc5 23. dxc5 Qc7 24. Be3 $1 Rg6 25. f3 $1 Rf8 ({Better is} 25... Kh7 $14) 26. Rd2 Rc8 27. Bd4 Qf4 (27... Qe7 $14 {should be considered.}) 28. Be5 $16 Qg5 29. Rc2 Kh7 30. Bd6 {[%emt 0:08:49] A strong pair of Bishops.} (30. Qf2 {simplifies} Qe7 31. Bd6 Qf7 32. h4) 30... Bc6 (30... a5 $16) 31. Qxa6 $18 Ne3 $2 (31... Nf4 32. Qf1 (32. Qxc8 $2 Nxg2 $19) (32. Bxf4 Qxf4 33. Rf2 Rc7 $16) 32... Rd8) 32. Qxc8 $4 ({Worse is} 32. f4 Qxg2+ 33. Rxg2 Rxg2+ 34. Kh1 Ng4 $11 (34... Rxb2+ $2 {too greedy.} 35. Qxc6 Rxc6 36. Rxe3 $18) (34... Rxb2+ $2 {perishes.} 35. Qxc6 Rxc6 36. Rxe3 $18)) (32. h4 $18 Qxh4 33. Rxe3) 32... Nxc2 $19 {[%emt 0:00:17][%csl Gg6][%cal Rg5g2] [#]} 33. Bg3 Nxe1 34. Bxe6 Qe3+ {[%emt 0:00:35] Weighted Error Value: White=0.52/Black=0.22 (precise) .  Missed win:     	White=1     	---        Mistake:       	White=2     	Black=6      Inaccurate:     	White=1     	---        OK:         	White=7     	Black=9      Best:        	White=1     	---        Strong:       	White=2     	---} 0-1

[Event "Israel National League 2024"]
[Site "Israel"]
[Date "2024.02.16"]
[Round "7.18"]
[White "Uritsky, Yonathan"]
[Black "Erenberg, Shlomy"]
[Result "1-0"]
[ECO "A14"]
[WhiteElo "2097"]
[BlackElo "2103"]
[Annotator "NA RC"]
[PlyCount "137"]
[EventDate "2024.01.07"]
[EventType "team-tourn"]
[EventCountry "ISR"]
[SourceTitle "playchess.com"]
[Source "ChessBase"]
[SourceQuality "1"]
[TimeControl "40/5400+30:1800+30"]

1. Nf3 Nf6 2. g3 d5 3. Bg2 e6 4. O-O Be7 5. c4 O-O 6. b3 d4 7. Bb2 c5 8. e3 Nc6 9. exd4 cxd4 10. Re1 Re8 11. d3 h6 12. Nbd2 Bf8 13. a3 a5 14. Ne5 Ra6 15. Qe2 Bc5 16. f4 Qb6 17. g4 Nd7 18. g5 Ncxe5 19. fxe5 hxg5 20. Qh5 Qd8 21. Ne4 g6 22. Qf3 b6 23. Rf1 Rf8 24. Qh3 Kg7 25. Qg3 Be7 26. Bxd4 Nc5 27. Be3 Nxe4 28. Bxe4 Ra7 29. Qf2 Ra6 30. Bc6 Qxd3 31. Bb5 Ra8 32. Bxb6 Bb7 33. Qe3 Qxe3+ 34. Bxe3 Rfd8 35. Rad1 g4 36. a4 Bf3 37. Rxd8 Rxd8 38. c5 Rc8 39. Rc1 Bd5 40. c6 Ba3 41. Rc2 Be4 42. Rc4 Bd5 43. Rxg4 Be7 44. Bb6 Bd8 45. Bxd8 Rxd8 46. Rg3 Rc8 47. Rc3 Rc7 48. Kf2 f6 49. exf6+ Kxf6 50. h4 Ke5 51. Rg3 Kf6 52. Re3 e5 53. Rg3 Rc8 54. Bd3 e4 55. Rg5 Bxc6 56. Be2 Ra8 57. Ke3 Bd7 58. Rc5 Bf5 59. Kf4 Rh8 60. Rc6+ Ke7 61. h5 Be6 62. hxg6 Bxb3 63. Ke5 Rg8 64. Bg4 Re8 65. Rc7+ Kf8+ 66. Kf6 e3 67. Rc3 e2 68. g7+ Kg8 69. Rh3 1-0

[Event "Israel National League 2024"]
[Site "Israel"]
[Date "2024.02.16"]
[Round "7.19"]
[White "Erigaisi Arjun"]
[Black "Galperin, Platon"]
[Result "1-0"]
[ECO "B47"]
[WhiteElo "2738"]
[BlackElo "2556"]
[Annotator "TA"]
[PlyCount "123"]
[EventDate "2024.01.07"]
[EventType "team-tourn"]
[EventCountry "ISR"]
[SourceTitle "playchess.com"]
[Source "ChessBase"]
[SourceQuality "1"]
[TimeControl "40/5400+30:1800+30"]

1. e4 c5 2. Nf3 e6 3. d4 cxd4 4. Nxd4 Nc6 5. Nc3 Qc7 6. Be2 a6 7. Nxc6 {[%emt 0:00:08] B47: Sicilian: Taimanov: 5 Nc3 Qc7 6 f4, 6 g3 and 6 Be2.} bxc6 8. Qd3 d5 9. Qg3 Qxg3 10. hxg3 Nf6 11. g4 Nxe4 12. Nxe4 dxe4 13. Be3 Bb7 14. O-O-O c5 15. Rh5 Rc8 $146 ({Predecessor:} 15... g6 16. Rh4 Be7 17. Rh3 Rc8 18. Bc4 h5 19. Rdh1 h4 20. g3 Bf6 21. gxh4 Bd4 {½-½ Matsukevich,V (2321)-Khokhlov,I (2374) VW-Cup13 Gr55 email 2021}) 16. b3 g6 17. Rh3 Ke7 18. Rdh1 Bg7 19. Rxh7 Rxh7 20. Rxh7 Bd4 21. Kd2 Rd8 22. a4 a5 23. Bb5 Bxe3+ 24. Kxe3 g5 25. Rh6 Ba8 26. f3 exf3 27. gxf3 Bb7 28. Bd3 Bc6 29. Rh5 Kf6 30. f4 gxf4+ 31. Kxf4 Rd4+ 32. Ke3 Rd5 $1 33. Rh8 Ke7 34. Bb5 Re5+ 35. Kd2 Bf3 36. Rg8 Kf6 37. Bd3 Rg5 38. Rc8 Rd5 39. Ke3 Bxg4 40. Ra8 Ke5 (40... Bf5 $11 {keeps the balance.}) 41. Bc4 $1 $16 Rd1 42. Rxa5 f5 (42... Re1+ $142 43. Kd2 Rh1) 43. Rxc5+ $16 Kd6 44. Rc8 $1 Ke5 45. Rf8 $1 ({Resist} 45. Rc5+ Kd6 46. Rc8 Ke7 $16) 45... Rh1 (45... Ra1 $142 46. Bb5 Bh3) 46. a5 $18 Rh2 {[%emt 0:05:50] [#]} 47. Kd3 $1 f4 48. Kc3 Bf5 49. Bd3 f3 50. a6 Rh7 51. Kd2 f2 $2 (51... Bxd3 52. Kxd3 Ra7) 52. b4 $2 (52. Bf1 $18) 52... Rh8 $1 $11 53. Rf7 Rh7 $1 54. Rxf5+ exf5 55. Ke3 Rh1 (55... Rh2 {is more complex.} 56. Bf1 Kd6 57. c4 Kc6) 56. Kxf2 Kd6 $2 {[%emt 0:00:41][%mdl 8192] [#]} (56... Kd5 $14) 57. Bf1 $1 $18 ({Weaker is} 57. Bxf5 Ra1 $16) 57... Rh7 58. Bg2 Rc7 59. c4 Rxc4 60. a7 Rc2+ 61. Kg1 Rc1+ 62. Kh2 1-0

[Event "Israel National League 2024"]
[Site "Israel"]
[Date "2024.02.16"]
[Round "7.20"]
[White "Sutovsky, Emil"]
[Black "Gelfand, Boris"]
[Result "1-0"]
[ECO "B30"]
[WhiteElo "2597"]
[BlackElo "2664"]
[Annotator "TA"]
[PlyCount "91"]
[EventDate "2024.01.07"]
[EventType "team-tourn"]
[EventCountry "ISR"]
[SourceTitle "playchess.com"]
[Source "ChessBase"]
[SourceQuality "1"]
[TimeControl "40/5400+30:1800+30"]

1. e4 c5 2. Nf3 Nc6 3. Bb5 e6 4. O-O Nge7 5. d4 cxd4 6. Nxd4 Ng6 {[%emt 0:00:03] B30: Sicilian: 2...Nc6 3 Bb5, lines without ...g6.} 7. Be3 Be7 8. c3 O-O 9. Nd2 a6 10. Be2 Nxd4 11. cxd4 b5 12. Bd3 Bb7 13. g3 f5 $146 ({Predecessor:} 13... Bb4 14. Rc1 Ba5 15. a4 bxa4 16. Qxa4 Bxd2 17. Bxd2 Bc6 18. Qc2 Qb6 19. Qc5 Rfb8 {½-½ Atuan,J (2306)-Vieites,C (2397) ARG-ch35 email 2022}) 14. exf5 exf5 15. Qb3+ Kh8 16. f4 Qb8 17. Qc2 Bb4 18. Bxf5 Bxd2 (18... Qe8 $11 {is more appropriate.} 19. Rfe1 Qf7) 19. Bxd2 $14 Qd6 20. Rae1 $1 Qxd4+ 21. Rf2 $1 Rae8 22. Rxe8 (22. Bxg6 $2 Rxe1+ 23. Bxe1 hxg6 $19) 22... Rxe8 23. Qd3 $1 (23. Bxg6 Re2) 23... Qb6 24. Bxd7 (24. Qxd7 $2 Re2 $19) 24... Rd8 $1 25. Qe2 $1 Bd5 26. f5 (26. Bg4 $16) 26... Nf8 {[%emt 0:09:34] [#]} (26... Rxd7 $11 27. Qe8+ (27. fxg6 Qxg6 28. Rf8+ Bg8 $11) 27... Bg8 28. Qxd7 Ne5) 27. f6 (27. Be3 Qd6 28. Be6 Nxe6 29. fxe6 Bxe6 $17 (29... Bxa2 30. Bg5 $11)) (27. Be8 $1 $16 {Threatens to win with Bc3.} Ne6 28. Bh5) 27... gxf6 (27... Nxd7 $6 28. fxg7+ Kg8 29. Qe7 $16) (27... Rxd7 $11 28. fxg7+ Kxg7 (28... Rxg7 29. Bc3 $16) 29. Qg4+ Qg6 30. Bc3+ Kg8 31. Rxf8+ Kxf8 32. Qxd7 Qe4) 28. Bg4 $16 Ng6 29. Bc3 Rf8 ({Black should play} 29... Rd6 $14) 30. a3 Kg8 31. Qd2 Be4 $2 (31... Bc4 $16 32. Qh6 Rf7) 32. Qd7 $18 Qe3 33. Bd2 Qd3 34. Qxd3 (34. Be6+ $142 Kh8 35. Qxd3 Bxd3 36. Bb4) 34... Bxd3 $18 35. Bh6 Re8 36. Rxf6 Ne5 37. Be6+ Kh8 38. b3 Bg6 39. Bd5 Ng4 40. Rf8+ ({Not} 40. Rxa6 Re1+ (40... Nxh6 41. Rb6 $17) 41. Kg2 Nxh6 $17) 40... Rxf8 41. Bxf8 Ne3 (41... Nf6 $142) 42. Be6 Nc2 43. Bh6 a5 (43... Be8 {keeps fighting.} 44. Bc1 Kg7 45. Bb2+ Kg6) 44. Kf2 b4 (44... Be4 $142 45. Bd2 b4) 45. a4 $18 Bd3 46. Bd5 1-0

[Event "Israel National League 2024"]
[Site "Israel"]
[Date "2024.02.16"]
[Round "7.21"]
[White "Rodshtein, Maxim"]
[Black "Smirin, Ilia"]
[Result "1/2-1/2"]
[ECO "B41"]
[WhiteElo "2580"]
[BlackElo "2582"]
[Annotator "RC"]
[PlyCount "188"]
[EventDate "2024.01.07"]
[EventType "team-tourn"]
[EventCountry "ISR"]
[SourceTitle "playchess.com"]
[Source "ChessBase"]
[SourceQuality "1"]
[TimeControl "40/5400+30:1800+30"]

1. e4 c5 2. Nf3 e6 3. d4 cxd4 4. Nxd4 a6 5. c4 Nf6 6. Nc3 Bb4 7. Qc2 Qc7 8. a3 Bc5 9. Nb3 Be7 10. f4 d6 11. Be3 O-O 12. Be2 Nbd7 13. O-O b6 14. g4 Bb7 15. g5 Ne8 16. Rac1 Rc8 17. Nd4 Qd8 18. h4 Nc7 19. b4 Re8 20. Bf3 Bf8 21. Bg2 Ba8 22. Qf2 g6 23. Nde2 Rb8 24. h5 Qe7 25. hxg6 hxg6 26. Qh4 Bg7 27. Rf3 f5 28. gxf6 Qxf6 29. Qg4 Nf8 30. Rd1 Qe7 31. Bf2 Red8 32. Bh4 Bf6 33. Bxf6 Qxf6 34. Rfd3 Ne8 35. e5 dxe5 36. fxe5 Qe7 37. Bxa8 Rxa8 38. Nf4 Rxd3 39. Rxd3 Qf7 40. Rg3 Rd8 41. Ne4 Rd4 42. Nxg6 Nxg6 43. Qxg6+ Qxg6 44. Rxg6+ Kf8 45. Ng5 Rxc4 46. Kf2 Rc2+ 47. Ke3 Rc3+ 48. Kd4 Rxa3 49. Nxe6+ Kf7 50. Nf4 b5 51. Rb6 a5 52. Rb7+ Kg8 53. Rb8 Kf8 54. Nd5 Kf7 55. e6+ Kxe6 56. Rxe8+ Kd7 57. Re7+ Kd6 58. Rb7 axb4 59. Rb6+ Kd7 60. Kc5 Ra1 61. Rd6+ Ke8 62. Nxb4 Rc1+ 63. Kb6 Kf7 64. Nd3 Rf1 65. Kc5 b4 66. Kd5 Kg7 67. Rb6 b3 68. Rxb3 Kf6 69. Rb6+ Kg5 70. Rb8 Rd1 71. Ke4 Ra1 72. Rb5+ Kf6 73. Rb6+ Kg5 74. Rc6 Ra4+ 75. Ke5 Ra1 76. Rc5 Kg4 77. Ke4 Ra4+ 78. Ke3 Ra3 79. Rd5 Ra1 80. Nf2+ Kh4 81. Kf4 Ra8 82. Rf5 Ra1 83. Rb5 Ra8 84. Ne4 Rf8+ 85. Ke3 Re8 86. Rf5 Kg4 87. Rg5+ Kh4 88. Rg1 Kh5 89. Kf4 Rf8+ 90. Ke5 Kh4 91. Nf6 Ra8 92. Kf4 Ra4+ 93. Ne4 Kh5 94. Rg8 Kh6 1/2-1/2

[Event "Israel National League 2024"]
[Site "Israel"]
[Date "2024.02.16"]
[Round "7.22"]
[White "Alekseev, Evgeny"]
[Black "Zanan, Evgeny"]
[Result "1-0"]
[ECO "C55"]
[WhiteElo "2563"]
[BlackElo "2487"]
[Annotator "TA"]
[PlyCount "101"]
[EventDate "2024.01.07"]
[EventType "team-tourn"]
[EventCountry "ISR"]
[SourceTitle "playchess.com"]
[Source "ChessBase"]
[SourceQuality "1"]
[TimeControl "40/5400+30:1800+30"]

1. e4 e5 2. Nf3 Nc6 3. Bc4 Nf6 4. d3 h6 5. O-O d6 6. c3 g5 7. Bb3 Bg7 8. Na3 O-O {[%emt 0:01:27] The position is equal.} 9. Nc4 Ne7 10. h4 g4 11. Nh2 Be6 12. g3 Qd7 13. Qe2 (13. Ne3 $16) 13... Ng6 (13... c6 $11) 14. Ne3 $16 {[%emt 0:02:19] Black is on the road to losing.} h5 {[%emt 0:10:21] [#]} 15. f3 $1 gxf3 16. Rxf3 (16. Qxf3 Ne7 $14) 16... Ne7 17. Bd2 {[%emt 0:02:51] Strongly threatening Raf1.} Nh7 (17... a5 $16) 18. Raf1 $18 Bxb3 19. axb3 d5 20. R3f2 dxe4 21. dxe4 (21. Qxh5 f5 $14) 21... Qc6 22. Qxh5 Qxe4 23. Rxf7 Nf6 24. Rxf8+ Rxf8 25. Qe2 $40 {[%emt 0:04:13][%mdl 128] White has strong attack.} Bh6 26. Rf2 Bxe3 27. Qxe3 Qxe3 28. Bxe3 Ne4 29. Rxf8+ Kxf8 {[%emt 0:00:02][%mdl 4096] Endgame. KBN-KNN} 30. g4 (30. Bxa7 $6 Nxg3 31. Bb8 Ng6 32. Bxc7 Nxh4 $18) 30... Nd5 31. Bh6+ Kf7 32. Nf3 Ke6 33. Ng5+ Nxg5 34. Bxg5 {[%emt 0:00:02] KB-KN} a5 35. Kf2 b5 36. Kf3 a4 37. bxa4 bxa4 38. h5 Nb6 39. Bc1 Nd7 40. Be3 Nf6 41. Bg5 {[%emt 0:04:38] [#] White threatens Bxf6 and mate.} Ne8 42. Bd8 Nd6 43. g5 e4+ 44. Kf4 {[%emt 0:03:11][%cal Og5g6] And now g6! would win.} e3 45. Kxe3 (45. Bxc7 e2 46. Bxd6 Kxd6 $19 (46... e1=B $2 {perishes.} 47. h6 $18) (46... e1=Q $2 47. Bb4 $19)) 45... Nc4+ 46. Kd3 Nxb2+ 47. Kc2 Nc4 48. h6 Kf7 49. h7 $1 Kg7 50. g6 $1 ({And not} 50. Bxc7 Kxh7 51. Bf4 Kg6 $11) 50... Ne3+ 51. Kb2 {[%emt 0:00:14] Weighted Error Value: White=0.08 (flawless) /Black=0.44.  Mistake:       	White=1     	Black=2      Inaccurate:     	---       	Black=2      OK:         	White=16    	Black=13     Best:        	White=3     	Black=2} 1-0

[Event "Israel National League 2024"]
[Site "Israel"]
[Date "2024.02.16"]
[Round "7.23"]
[White "Bronstein, Or"]
[Black "Caspi, Israel"]
[Result "1/2-1/2"]
[ECO "D24"]
[WhiteElo "2441"]
[BlackElo "2468"]
[Annotator "RC"]
[PlyCount "124"]
[EventDate "2024.01.07"]
[EventType "team-tourn"]
[EventCountry "ISR"]
[SourceTitle "playchess.com"]
[Source "ChessBase"]
[SourceQuality "1"]
[TimeControl "40/5400+30:1800+30"]

1. d4 Nf6 2. c4 e6 3. Nf3 d5 4. Nc3 dxc4 5. e4 b5 6. e5 Nd5 7. Nxb5 Nb6 8. Be2 Be7 9. O-O Nc6 10. Qd2 Bb7 11. Rd1 Qd7 12. Qf4 g5 13. Qg3 O-O-O 14. b3 cxb3 15. axb3 Kb8 16. Nc3 Rhg8 17. Be3 g4 18. Ne1 Nb4 19. Bb5 Qc8 20. Rdc1 h5 21. h4 gxh3 22. Qxh3 Rg6 23. Bf1 a6 24. Na4 N6d5 25. Nc5 Bxc5 26. Rxc5 Rdg8 27. Rac1 Qe8 28. Bd2 Nc6 29. Qd3 Rg4 30. Nc2 h4 31. f3 Rg3 32. Rxd5 exd5 33. Bf4 R3g6 34. Ne3 Qe6 35. Qc3 f6 36. Qc5 fxe5 37. dxe5 h3 38. g4 Qf7 39. Nxd5 Rxg4+ 40. fxg4 Rxg4+ 41. Kh2 Rxf4 42. Nxf4 Qxf4+ 43. Kxh3 Nxe5 44. Qxc7+ Ka8 45. Be2 Qe3+ 46. Kh4 Ng6+ 47. Kg4 Qxe2+ 48. Kg5 Qe4 49. Rc4 Qe8 50. Rb4 Qe7+ 51. Qxe7 Nxe7 52. Rh4 Ka7 53. Kf6 Nc6 54. Ke6 Kb6 55. Kd6 a5 56. Rf4 Nb4 57. Rh4 Bc6 58. Ke5 Kb5 59. Kd4 Bd5 60. Rh5 Kc6 61. Rh6+ Kb5 62. Rh5 Kc6 1/2-1/2

[Event "Israel National League 2024"]
[Site "Israel"]
[Date "2024.02.16"]
[Round "7.24"]
[White "Golod, Vitali"]
[Black "Veinberg, Nimrod"]
[Result "1/2-1/2"]
[ECO "C68"]
[WhiteElo "2498"]
[BlackElo "2411"]
[Annotator "TA"]
[PlyCount "25"]
[EventDate "2024.01.07"]
[EventType "team-tourn"]
[EventCountry "ISR"]
[SourceTitle "playchess.com"]
[Source "ChessBase"]
[SourceQuality "1"]
[TimeControl "40/5400+30:1800+30"]

1. e4 e5 2. Nf3 Nc6 3. Bb5 a6 4. Bxc6 dxc6 5. Nc3 Qd6 6. d4 exd4 7. Qxd4 Qxd4 {[%emt 0:00:49] The position is equal.} 8. Nxd4 Bd7 9. Be3 O-O-O 10. f3 Bb4 11. Nde2 Re8 12. Kf2 f5 13. a3 {[%emt 0:13:03] Not much happened in this game.   Weighted Error Value: White=0.02 (flawless) /Black=0.00 (flawless) .  OK:         	White=3     	Black=4} 1/2-1/2

[Event "Israel National League 2024"]
[Site "Israel"]
[Date "2024.02.16"]
[Round "7.25"]
[White "Rechlis, Gad"]
[Black "Greenfeld, Alon"]
[Result "1/2-1/2"]
[ECO "D74"]
[WhiteElo "2473"]
[BlackElo "2455"]
[Annotator "TA"]
[PlyCount "29"]
[EventDate "2024.01.07"]
[EventType "team-tourn"]
[EventCountry "ISR"]
[SourceTitle "playchess.com"]
[Source "ChessBase"]
[SourceQuality "1"]
[TimeControl "40/5400+30:1800+30"]

1. Nf3 Nf6 2. g3 g6 3. Bg2 Bg7 4. O-O O-O 5. c4 Nc6 6. Nc3 d5 7. cxd5 Nxd5 8. d4 e5 9. Bg5 f6 {[%emt 0:02:39] [#] aiming for ...Nxc3.} 10. Bd2 {[%emt 0:13:23] Nxd5 would now be deadly.} Nxc3 (10... exd4 11. Nxd4 Nxd4 12. Nxd5 $16 (12. Bxd5+ Kh8 $14)) 11. Bxc3 e4 $1 12. Nd2 f5 13. Nb3 Ne7 14. f3 Nd5 15. Qc1 {[%emt 0:06:51] Repels Ne3.   Weighted Error Value: White=0.11 (very precise) /Black=0.00 (flawless) .  Mistake:       	White=1     	---        Inaccurate:     	White=1     	---        OK:         	White=1     	Black=5      Strong:       	---       	Black=1} (15. fxe4 $11 Ne3 16. Qd3 Nxf1 17. e5) 1/2-1/2

[Event "Israel National League 2024"]
[Site "Israel"]
[Date "2024.02.16"]
[Round "7.26"]
[White "Dvoirys, Semen I."]
[Black "Zoler, Dan"]
[Result "1/2-1/2"]
[ECO "C95"]
[WhiteElo "2466"]
[BlackElo "2460"]
[Annotator "TA"]
[PlyCount "75"]
[EventDate "2024.01.07"]
[EventType "team-tourn"]
[EventCountry "ISR"]
[SourceTitle "playchess.com"]
[Source "ChessBase"]
[SourceQuality "1"]
[TimeControl "40/5400+30:1800+30"]

1. e4 e5 2. Nf3 Nc6 3. Bb5 a6 4. Ba4 Nf6 5. O-O Be7 6. Re1 b5 7. Bb3 d6 8. c3 O-O 9. h3 Nb8 10. d4 Nbd7 11. Nbd2 Bb7 12. Bc2 Re8 13. Nf1 Bf8 14. Ng3 g6 15. a4 c5 16. d5 c4 17. Bg5 h6 18. Be3 Nc5 19. Qd2 Kh7 20. Nh2 Qd7 21. a5 ({White should play} 21. Reb1 $14) 21... Rac8 (21... Bg7 $11) 22. Rf1 $1 $14 {[%emt 0:10:47] White is slightly better.} Qe7 23. Ng4 (23. Rae1 {simplifies} Bg7 24. f4 Nb3 25. Bxb3 cxb3 26. fxe5 dxe5 27. Rf2) 23... Nxg4 $1 24. hxg4 Qh4 25. g5 (25. Qd1 $14) 25... Be7 (25... hxg5 {simplifies} 26. Bxg5 Bh6 27. Bxh6 Qxh6 28. Qxh6+ Kxh6 29. f4 Kg7) 26. gxh6 Bf8 $2 (26... Rf8 $11 {and Black stays safe.}) 27. f4 $1 $18 {[%emt 0:11:56][%cal Of4e5] And now fxe5! would win.} Rc7 {[%emt 0:00:00] [#]} (27... Qxg3 $16 28. Rf3 Qh4) 28. Rf3 $1 {[%emt 0:03:30] fxe5 would now be deadly.} exf4 29. Bxf4 Bc8 (29... Bxh6 $2 30. Nf5 gxf5 31. Rh3 $18) 30. Raf1 f6 {[%emt 0:00:00] Repels Bg5} 31. Be3 Nd7 32. Qf2 $2 (32. e5 $18 Nxe5 33. Rxf6 Qxg3 34. Bf4 (34. Rxf8 Rxf8 35. Rxf8 Bf5 $16) 34... Bxh6 35. Bxh6) 32... Ne5 $11 {[%emt 0:00:00][%cal Oe5g4] Threatens to win with ...Ng4!} 33. Rxf6 $2 {[%emt 0:01:24][%mdl 8192] [#]} (33. Rf4 $11 Ng4 (33... Qxh6 $2 {perishes.} 34. Rxf6 Qh4 35. Rxf8 $18) 34. Rxg4 Qxg4 (34... Bxg4 $2 {too greedy.} 35. Qxf6 Qxf6 36. Rxf6 $16) 35. Bf4) 33... Bxh6 $2 (33... Ng4 $1 $19 34. Ra1 Nxf2 35. Rxf2 Qxg3) 34. Bxh6 {[%emt 0:00:57] The position is equal.} (34. Rxd6 $2 {is the wrong capture.} Bxe3 (34... Ng4 $2 35. Re1 $19) 35. Qxe3 Ng4 $19) 34... Ng4 {[%emt 0:01:53][%csl Gg4][%cal Rh4h2] Repels Be3} 35. Rf7+ Kg8 36. Rf8+ Kh7 37. Rf7+ Kg8 38. Rf8+ {[%emt 0:15:23] Quite a comeback for White.   Weighted Error Value: White=0.64/Black=0.59.  Loses game:     	White=1     	Black=1      Missed win:     	White=1     	Black=1      Mistake:       	White=2     	Black=2      Inaccurate:     	White=1     	Black=1      OK:         	White=3     	Black=6      Best:        	White=4     	Black=2      Strong:       	White=2     	Black=1} 1/2-1/2